 Dungeon Crawl Stone Soup version 0.29.1-15-g9cfb28693d (webtiles) character file.

Game seed: 7833468835744628106

95 jtron the Covert (level 4, -10/34 HPs)
             Began as a Gnoll Wanderer on Mar 28, 2023.
             Killed by divine providence
             ... invoked by an orc priest
              (15 damage)
             ... on level 4 of the Dungeon on Apr 2, 2023.
             The game lasted 00:06:23 (2109 turns).

jtron the Covert (Gnoll Wanderer)                   Turns: 2109, Time: 00:06:24

Health: -10/34     AC:  5    Str:  8    XL:     4   Next: 65%
Magic:  0/0        EV: 13    Int: 11    God:
Gold:   208        SH:  7    Dex: 26    Spells: 5/5 levels left

rFire   + . .      SeeInvis .   a - +0 dagger
rCold   . . .      Faith    .   e - +0 buckler
rNeg    . . .      Spirit   .   g - +0 robe
rPois   .          Reflect  .   (no helmet)
rElec   .          Harm     .   (no cloak)
rCorr   .          Rampage  .   (no gloves)
Will    .....                   p - +2 pair of boots
Stlth   +++++.....              (no amulet)
HPRegen 0.11/turn               l - +6 ring of dexterity
MPRegen 0.07/turn               w - ring "Luonk" {Fly rF+ MP-9 Dex+3}

@: flying, hasted, very quick
A: fangs 1, strong nose, distributed training
a: no special abilities


You were on level 4 of the Dungeon.
You visited 1 branch of the dungeon, and saw 4 of its levels.

You collected 208 gold pieces.

Inventory:

Hand Weapons
 a - a +0 dagger (weapon)
 b - a +0 spear
 c - a +0 sling
 y - a +1 vampiric falchion
Missiles
 d - 2 atropa-tipped darts
 i - 6 poisoned darts (quivered)
 v - a datura-tipped dart
Armour
 e - a +0 buckler (worn)
 g - a +0 robe (worn)
 p - a +2 pair of boots (worn)
Jewellery
 l - a +6 ring of dexterity (left hand)
 w - the ring "Luonk" (right hand) {Fly rF+ MP-9 Dex+3}
   (You found it on level 3 of the Dungeon)

   [ring of flight]

   Dex:       It affects your dexterity (+3).
   rF:        It protects you from fire.
   MP:        It affects your magic capacity (-9).
   Fly:       It grants you flight.
 z - a ring of positive energy
Scrolls
 f - 2 scrolls of blinking
 j - a scroll of enchant armour {unknown}
 k - 3 scrolls of identify
 o - a scroll of teleportation {unknown}
 q - a scroll of immolation {unknown}
 s - a scroll of poison {unknown}
 u - a scroll of noise {unknown}
Potions
 h - a potion of haste
 m - a potion of berserk rage {unknown}
 n - a potion of heal wounds {unknown}
 r - a potion of flight {unknown}
 t - 2 potions of ambrosia
 x - a potion of curing {unknown}
 A - a potion of lignification {unknown}


   Skills:
 + Level 2.8 Fighting
 + Level 1.2 Short Blades
 + Level 1.2 Long Blades
 + Level 1.2 Axes
 + Level 1.2 Maces & Flails
 + Level 2.8 Polearms
 + Level 1.2 Staves
 + Level 1.2 Ranged Weapons
 + Level 1.2 Throwing
 + Level 1.2 Armour
 + Level 2.8 Dodging
 + Level 9.6 Stealth
 + Level 4.7 Shields
 + Level 1.2 Unarmed Combat
 + Level 1.2 Spellcasting
 + Level 1.0 Conjurations
 + Level 1.0 Hexes
 + Level 1.0 Summonings
 + Level 1.0 Necromancy
 + Level 1.0 Translocations
 + Level 1.0 Transmutations
 + Level 1.0 Fire Magic
 + Level 1.0 Ice Magic
 + Level 1.0 Air Magic
 + Level 1.0 Earth Magic
 + Level 1.0 Poison Magic
 + Level 1.4 Invocations
 + Level 1.2 Evocations


You had 5 spell levels left.
You didn't know any spells.
Your spell library contained the following spells:

 Spells                   Type           Power      Damage    Failure   Level
 Apportation              Tloc           6%         N/A       26%         1
 Necrotise                Necr           12%        1d4       26%         1
 Slow                     Hex            12%        N/A       26%         1
 Summon Small Mammal      Summ           12%        N/A       26%         1
 Confusing Touch          Hex            3%         N/A       61%         3
 Inner Flame              Hex/Fire       3%         N/A       61%         3
 Vampiric Draining        Necr           3%         2d6       61%         3
 Cause Fear               Hex            1%         N/A       95%         4
 Discord                  Hex            1%         N/A       100%        8


Dungeon Overview and Level Annotations

Branches:
Dungeon (4/15)
 Temple: D:4-7

Altars:
Hepliaklqana
Makhleb
Wu Jian

Shops:
D:2 [

Annotations:
D:4 Sigmund


Innate Abilities, Weirdness & Mutations

You have very sharp teeth.
Your uncanny sense of smell can sniff out nearby items.
Your experience applies equally to all skills.


Message History

The orc priest is lightly wounded.
As you read the scroll labelled LOH XUPLILLEKI, it crumbles to dust.
It is a scroll of identify.
t - 2 potions of ambrosia You block the orc priest's attack.
The orc priest closely misses you. You block the orc's attack.
An orc comes into view. It is wielding a +0 falchion.
You hit the orc priest but do no damage.
The orc priest is moderately wounded.
The orc priest hits you with a +0 club.
The orc priest hits you with a +0 hand axe.
The orc hits you with a +0 flail.
You hit the orc priest.
The orc priest is heavily wounded.
You hit the orc priest.
The orc priest is severely wounded.
The orc priest hits you but does no damage.
You block the orc priest's attack. The orc hits you with a +0 flail.
* * * LOW HITPOINT WARNING * * *
You closely miss the orc priest.
The orc priest is severely wounded.
The orc priest hits you but does no damage. x2
You closely miss the orc priest.
The orc priest is severely wounded.
The orc priest misses you.
The orc priest calls upon Beogh to heal the orc priest.
The orc priest is healed somewhat.
You hit the orc priest.
The orc priest is severely wounded.
You hit the orc priest but do no damage.
The orc priest is severely wounded.
The orc priest invokes the aid of Beogh against you.
Pain shoots through your body!
* * * LOW HITPOINT WARNING * * *
The orc priest barely misses you. The orc misses you.
You hit the orc priest but do no damage.
The orc priest is severely wounded.
The orc priest invokes the aid of Beogh against you.
Beogh smites you!
You die...

##### ## ##...## .#
##..#..## .#
#..###..#########
.#
###.##∆##.........#
.####....#
#.......##
.#....#.##
##.#.o#.# .....####
∆ ####@oo# ..#.##∆
∆∆ ∆##o.# ...).#
#(.## #.##..# #..##
.#. ..... ...# #
##....##∆ #...
.....# #....
###...#..## #.....


You could see 2 orc priests and 2 orcs.

Vanquished Creatures
  5 adders
  A worm (D:2)
  A dart slug (D:1)
  An orc (D:3)
  5 ball pythons
  A bat (D:1)
  4 endoplasms
  7 goblins
  5 hobgoblins
  4 jackals (D:3)
  2 kobolds (D:1)
  3 frilled lizards
  2 rats (D:2)
41 creatures vanquished.

Notes
Turn   | Place    | Note
-------+----------+-------------------------------------------
     0 | D:1      | Reached skill level 9 in Stealth
     0 | D:1      | jtron the Gnoll Wanderer began the quest for the Orb.
     0 | D:1      | jtron set off with the following items: a +0 dagger, 2
                  | atropa-tipped darts, a datura-tipped dart, a +0 spear, a +0
                  | buckler, a scroll of blinking, a +0 robe.
     0 | D:1      | Reached XP level 1. HP: 17/17 MP: 1/1
    44 | D:1      | Reached XP level 2. HP: 23/23 MP: 2/2
   603 | D:2      | Reached XP level 3. HP: 24/28 MP: 2/4
   660 | D:2      | Reached skill level 1 in Invocations
   669 | D:2      | Reached skill level 1 in Short Blades
   669 | D:2      | Reached skill level 1 in Long Blades
   669 | D:2      | Reached skill level 1 in Axes
   669 | D:2      | Reached skill level 1 in Maces & Flails
   669 | D:2      | Reached skill level 1 in Staves
   669 | D:2      | Reached skill level 1 in Ranged Weapons
   669 | D:2      | Reached skill level 1 in Throwing
   669 | D:2      | Reached skill level 1 in Armour
   669 | D:2      | Reached skill level 1 in Unarmed Combat
   669 | D:2      | Reached skill level 1 in Spellcasting
   669 | D:2      | Reached skill level 1 in Evocations
   976 | D:2      | Found Zukumu's Antique Armour Emporium.
  1283 | D:3      | Found a faded altar of an unknown god.
  1344 | D:3      | Reached XP level 4. HP: 34/34 MP: 5/5
  1348 | D:3      | Identified the ring "Luonk" {Fly rF+ MP-9 Dex+3}
  1540 | D:3      | Found a hazy altar of Hepliaklqana.
  1788 | D:4      | Found an ornate altar of the Wu Jian Council.
  1823 | D:4      | Found a burning altar of Makhleb.
  1846 | D:4      | Reached skill level 1 in Conjurations
  1846 | D:4      | Reached skill level 1 in Hexes
  1846 | D:4      | Reached skill level 1 in Summonings
  1846 | D:4      | Reached skill level 1 in Necromancy
  1846 | D:4      | Reached skill level 1 in Translocations
  1846 | D:4      | Reached skill level 1 in Transmutations
  1846 | D:4      | Reached skill level 1 in Fire Magic
  1846 | D:4      | Reached skill level 1 in Ice Magic
  1846 | D:4      | Reached skill level 1 in Air Magic
  1846 | D:4      | Reached skill level 1 in Earth Magic
  1846 | D:4      | Reached skill level 1 in Poison Magic
  1901 | D:4      | Noticed an ogre
  1925 | D:4      | Noticed Sigmund
  2109 | D:4      | Killed from afar by an orc priest

Illustrated notes

Levels and vault maps discovered:
D:1:      eino_arrival_tree_alley, layout_rooms, minmay_tromino_v4_a
D:2:      layout_basic, serial_shops, shop, minmay_small_reverse_x
D:3:      layout_rooms, mainiacjoe_overflow_six_doors_small,
          basic_ecumenical_altar
D:4:      layout_loops_ring, mainiacjoe_overflow_catch_the_wave,
          minmay_fractal_squares_gapless_5, uniq_sigmund

Skill      XL: |  1  2  3  4 |
---------------+-------------+-----
Stealth        | |  9.6
Invocations    | 1 |  1.4
Short Blades   | 1 |  1.2
Long Blades    | 1 |  1.2
Axes           | 1 |  1.2
Maces & Flails | 1 |  1.2
Staves         | 1 |  1.2
Ranged Weapons | 1 |  1.2
Throwing       | 1 |  1.2
Armour         | 1 |  1.2
Unarmed Combat | 1 |  1.2
Spellcasting   | 1 |  1.2
Evocations     | 1 |  1.2
Conjurations   | 1 |  1.0
Hexes          | 1 |  1.0
Summonings     | 1 |  1.0
Necromancy     | 1 |  1.0
Translocations | 1 |  1.0
Transmutations | 1 |  1.0
Fire Magic     | 1 |  1.0
Ice Magic      | 1 |  1.0
Air Magic      | 1 |  1.0
Earth Magic    | 1 |  1.0
Poison Magic   | 1 |  1.0
Fighting       | |  2.8
Polearms       | |  2.8
Dodging        | |  2.8
Shields        | |  4.7

Action                   |  1- 3 |  4- 6 || total
-------------------------+-------+-------++-------
Melee: Dagger            |    36 |    51 ||    87
       Spear             |     9 |     9 ||    18
       Bite              |     5 |     6 ||    11
Throw: Dart              |     4 |     2 ||     6
  Use: Scroll            |       |     1 ||     1
       Potion            |       |     1 ||     1
 Stab: Sleeping          |    20 |     4 ||    24
Armor: Robe              |     1 |     6 ||     7
Dodge: Dodged            |    10 |    36 ||    46
Block: Buckler           |     3 |    14 ||    17
